 Dungeon Sprint DCSS version 0.31.0-12-g77e489cdc1 (webtiles) character file.

Game seed: 12086286508101401573

232 Heoruswealwe the Spear-Bearer (level 5, -4/53 HPs)
             Began as a Minotaur Fighter on Feb 21, 2024.
             Was an Initiate of Gozag.
             Slain by a wraith (9 damage)
             ... in the Dungeon (Sprint IX: "|||||||||||||||||||||||||||||").
             The game lasted 00:01:08 (124 turns).

Heoruswealwe the Spear-Bearer (Minotaur Fighter)     Turns: 124, Time: 00:01:09

Health: -4/53      AC:  8    Str: 22    XL:     5   Next: 73%
Magic:  4/4        EV: 10    Int:  5    God:    Gozag
Gold:   0          SH:  0    Dex: 10    Spells: 4/4 levels left

rFire   . . .        b - +2 halberd (protect)
rCold   . . .        (shield currently unavailable)
rNeg    . . .        c - +0 scale mail
rPois   .            (helmet restricted)
rElec   .            (no cloak)
rCorr   .            (no gloves)
SInv    .            (no boots)
Will    .....        (no amulet) Stlth
                     (no ring)
HPRegen 0.28/turn    (no ring)
MPRegen 0.09/turn

%: no teleportation
@: no status effects
A: horns 2, retaliatory headbutt
a: Renounce Religion, Potion Petition, Call Merchant, Bribe Branch


You were in the Dungeon.
You worshipped Gozag.
Gozag was noncommittal.
You visited 1 branch

Inventory:

Hand Weapons
 a - a +0 trident
 b - a +2 halberd of protection (weapon)
Armour
 c - a +0 scale mail (worn)
 d - a +0 buckler
Jewellery
 l - a +3 ring of dexterity
 m - a +3 ring of strength
Wands
 h - a wand of iceblast (10)
Scrolls
 j - 2 scrolls of blinking
Potions
 e - 5 potions of curing
 f - 2 potions of heal wounds
 g - a potion of haste
 i - a potion of berserk rage
 k - a potion of might


   Skills:
 + Level 8.0 Fighting
 * Level 10.4 Polearms
 + Level 8.0 Armour
 - Level 3.6 Shields


You had 4 spell levels left.
You didn't know any spells.
Your spell library was empty.

Dungeon Overview and Level Annotations

Branches:
Dungeon (1/1)

Altars:
Cheibriados
Dithmenos
Elyvilon
Fedhas
Gozag
Hepliaklqana
Kikubaaqudgha
Makhleb
Nemelex Xobeh
Okawaru
Qazlal
Ru
Sif Muna
Trog
Uskayaw
Vehumet
Wu Jian
Xom
Yredelemnul
Zin
The Shining One
Jiyva
Lugonu


Innate Abilities, Weirdness & Mutations

You have a pair of horns on your head.
You reflexively headbutt those who attack you in melee.


Message History

Things that are here:
72 gold pieces; a +0 short sword; 2 poisoned darts You hit the centaur.
Your headbutt misses the centaur.
The centaur is lightly wounded.
The centaur hits you but does no damage.
The centaur kicks you but does no damage.
You hit the centaur.
The centaur is moderately wounded.
The centaur hits you but does no damage.
The centaur kicks you but does no damage.
The centaur hits you but does no damage.
The centaur barely misses you.
You puncture the centaur!
The centaur is severely wounded.
The centaur barely misses you. You furiously retaliate!
You headbutt the centaur. The centaur misses you.
You hit the centaur.
You kill the centaur!
The wraith is no longer distracted by gold.
The wraith is distracted by your dazzling golden aura.
Your Fighting skill increases to level 8!
Your Polearms skill increases to level 10!
Your Armour skill increases to level 8!
The wraith is no longer distracted by gold.
The wraith hits you.
Things that are here:
153 gold pieces; a +0 orcbow You closely miss the wraith.
You headbutt the wraith.
The wraith is lightly damaged.
The wraith hits you!
* * * LOW HITPOINT WARNING * * *
You closely miss the wraith.
The wraith is lightly damaged.
The wraith hits you.
* * * LOW HITPOINT WARNING * * *
You closely miss the wraith. You headbutt the wraith.
The wraith is lightly damaged.
The wraith hits you!
You die...
Your body crumbles into a pile of gold.

▓+▓
▓K▓
▓O▓
▓{▓
▓W▓
▓@▓
▓$▓
▓'▓
▓.▓
▓.▓
▓[▓
▓[▓
▓[▓
▓.▓


You could see a two-headed ogre, a wraith and a kobold brigand.

Vanquished Creatures
  A centaur (D)
  A kobold brigand (D)
  A hound (D)
  A sleepcap (D)
  An adder (D)
  A shadow imp (D)
  A dart slug (D)
  An endoplasm (D)
  A goblin (D)
  A kobold (D)
  A ball python (D)
  A rat (D)
12 creatures vanquished.

Notes
Turn   | Place    | Note
-------+----------+-------------------------------------------
     0 | D        | Heoruswealwe the Minotaur Fighter began the quest for the
                  | Orb.
     0 | D        | Reached XP level 1. HP: 19/19 MP: 0/0
     7 | D        | Reached skill level 3 in Polearms
    18 | D        | Noticed a hound
    18 | D        | Noticed a sleepcap
    25 | D        | Reached skill level 4 in Polearms
    25 | D        | Reached XP level 2. HP: 25/28 MP: 1/1
    30 | D        | Reached skill level 5 in Polearms
    33 | D        | Reached skill level 5 in Fighting
    33 | D        | Reached skill level 5 in Armour
    41 | D        | Reached skill level 6 in Polearms
    41 | D        | Reached XP level 3. HP: 34/36 MP: 2/2
    45 | D        | Reached skill level 7 in Polearms
    45 | D        | Reached XP level 4. HP: 40/44 MP: 3/3
    50 | D        | Found a snail-covered altar of Cheibriados.
    50 | D        | Found a shadowy altar of Dithmenos.
    50 | D        | Found a white marble altar of Elyvilon.
    50 | D        | Found a blossoming altar of Fedhas.
    50 | D        | Found an opulent altar of Gozag.
    51 | D        | Found a hazy altar of Hepliaklqana.
    52 | D        | Found a viscous altar of Jiyva.
    53 | D        | Found an ancient bone altar of Kikubaaqudgha.
    54 | D        | Found a corrupted altar of Lugonu.
    55 | D        | Found a burning altar of Makhleb.
    56 | D        | Found a sparkling altar of Nemelex Xobeh.
    57 | D        | Found an iron altar of Okawaru.
    58 | D        | Became a worshipper of Gozag Ym Sagoz the Greedy
    59 | D        | Found a stormy altar of Qazlal.
    60 | D        | Found a sacrificial altar of Ru.
    61 | D        | Found a shimmering blue altar of Sif Muna.
    62 | D        | Found a bloodstained altar of Trog.
    63 | D        | Found a hide-covered altar of Uskayaw.
    64 | D        | Found a radiant altar of Vehumet.
    65 | D        | Found an ornate altar of the Wu Jian Council.
    66 | D        | Found a shimmering altar of Xom.
    67 | D        | Found a basalt altar of Yredelemnul.
    68 | D        | Found a glowing silver altar of Zin.
    69 | D        | Found a glowing golden altar of the Shining One.
   101 | D        | Noticed a two-headed ogre
   101 | D        | Noticed a kobold brigand
   101 | D        | Noticed a vampire
   101 | D        | Noticed a wraith
   101 | D        | Noticed a centaur
   101 | D        | Noticed a kobold brigand
   115 | D        | Killed a kobold brigand
   116 | D        | Reached skill level 9 in Polearms
   116 | D        | Reached XP level 5. HP: 23/52 MP: 4/4
   120 | D        | Killed a centaur
   121 | D        | Reached skill level 10 in Polearms
   124 | D        | Slain by a wraith

Illustrated notes

Levels and vault maps discovered:
D:        linesprint [early_d, line_temple, items_1, d_10, items_2, lair_1,
          lair_end, items_3, orc_1, orc_end, items_4, d_15, swamp_1, shoals_1,
          snake_1, spider_1, d_20, vaults_1, items_5, swamp_end, shoals_end,
          snake_end, spider_end, vaults_end, d_27, items_6, zot_1, zot_end,
          crypt_end, forest_end, elf_end, slime_end, tomb_end, abyss_end,
          pan_hell_end]

Skill      XL: |  1  2  3  4  5 |
---------------+----------------+-----
Polearms       | 4 6 7 9 10 | 10.4
Fighting       | 4 5 6 7 8 |  8.0
Armour         | 4 5 6 7 8 |  8.0
Shields        | |  3.6

Action                     |  1- 3 |  4- 6 || total
---------------------------+-------+-------++-------
  Melee: Trident           |    32 |       ||    32
         Headbutt          |     4 |     5 ||     9
         Halberd           |       |    20 ||    20
    Use: Potion            |     1 |       ||     1
 Armour: Scale mail        |    18 |    20 ||    38
  Dodge: Dodged            |    10 |    12 ||    22
  Block: Buckler           |     3 |       ||     3
